 Dungeon Crawl Stone Soup version 0.29-a0-459-g97dee8cd24 (webtiles) character file.

Game seed: 1593137474452905855

60 zazu2006 the Magician (level 4, 0/36 HPs)
             Began as a Naga Hedge Wizard on May 21, 2022.
             Slain by Crazy Yiuf
             ... wielding a +2 quarterstaff of chaos
              (12 damage)
             ... on level 2 of the Dungeon.
             The game lasted 00:04:41 (2454 turns).

zazu2006 the Magician (Naga Hedge Wizard)           Turns: 2454, Time: 00:04:41

Health: 0/36       AC:  2    Str: 13    XL:     4   Next: 6%
Magic:  7/9        EV: 10    Int: 22    God:
Gold:   102        SH:  0    Dex: 10    Spells: 1/10 levels left

rFire   . . .      SeeInvis +   a - +0 dagger
rCold   . . .      Faith    .   (no shield)
rNeg    . . .      Spirit   .   b - +0 robe
rPois   +          Reflect  .   c - +0 hat
rElec   .          Harm     .   (no cloak)
rCorr   .          Rampage  .   (no gloves)
Will    .....                   (no barding)
Stlth   ++........              (no amulet)
HPRegen 0.12/turn               f - +6 ring of intelligence
MPRegen 0.11/turn               (no ring)

@: short of breath, very slow
A: AC +1, large, see invisible, deformed body, poison resistance, slowness 2,
spit poison 1, naga tail 1
a: Spit Poison


You were on level 2 of the Dungeon.
You visited 1 branch of the dungeon, and saw 2 of its levels.

You collected 102 gold pieces.

Inventory:

Hand Weapons
 a - a +0 dagger (weapon)
Armour
 b - a +0 robe (worn)
 c - a +0 hat (worn)
Jewellery
 f - a +6 ring of intelligence (left hand)
 k - a +6 ring of intelligence
Scrolls
 e - 2 scrolls of teleportation {unknown}
 g - a scroll of fog {unknown}
 h - a scroll of vulnerability {unknown}
 i - 2 scrolls of identify {unknown}
 j - a scroll of enchant armour {unknown}
 n - 2 scrolls of enchant weapon {unknown}
Potions
 d - a potion of magic
 l - a potion of invisibility
 m - 2 potions of curing {unknown}


   Skills:
 + Level 0.1 Fighting
 + Level 2.2 Dodging
 + Level 3.1 Stealth
 + Level 3.9 Spellcasting
 + Level 1.2 Conjurations
 + Level 1.1 Summonings
 + Level 1.0 Translocations
 * Level 0.2 Poison Magic


You had one spell level left.
You knew the following spells:

 Your Spells              Type           Power      Damage    Failure   Level
a - Magic Dart            Conj           36%        1d4       7%          1
b - Mephitic Cloud        Conj/Pois/Air  6%         N/A       28%         3
c - Conjure Flame         Conj/Fire      7%         6-21      26%         3
d - Blink                 Tloc           16%        N/A       11%         2

Your spell library contained the following spells:

 Spells                   Type           Power      Damage    Failure   Level
 Slow                     Hex            16%        N/A       12%         1
 Call Imp                 Summ           9%         N/A       11%         2
 Scorch                   Fire           8%         2d5       17%         2
 Flame Wave               Conj/Fire      7%         2d5       65%         4
 Irradiate                Conj/Tmut      3%         3d14      94%         5
 Blade Hands              Tmut           2%         N/A       97%         5
 Summon Cactus Giant      Summ           4%         N/A       100%        6
 Dragon Form              Tmut           2%         N/A       100%        7


Dungeon Overview and Level Annotations

Branches:
Dungeon (2/15)

Altars:

Annotations:
D:2 Crazy Yiuf


Innate Abilities, Weirdness & Mutations

Your serpentine skin is tough. (AC +1)
You have supernaturally acute eyesight. (SInv)
Armour fits poorly on your strangely shaped body.
Your system is resistant to poisons. (rPois)
You cover ground very slowly.
You can spit poison.
You have a snake-like lower body.


Message History

You kill the rat!
Casting: Magic Dart (safe; 7% risk of failure)
Confirm with . or Enter, or press ? or * to list all spells.
You can't see any susceptible monsters within range! (Use Z to cast anyway.)
You pick up a book of Transfigurations and begin reading...
You add the spells Irradiate, Blade Hands and Dragon Form to your library.
You now have 74 gold pieces (gained 5).
Found a ring mail.
You now have 86 gold pieces (gained 12).
You now have 102 gold pieces (gained 16).
You see here a +0 chain mail.
Found a mace.
Found a runed translucent door.
Crazy Yiuf shouts!
You see here a +0 dagger.
You open the door.
Aiming: Spit Poison (1% risk of failure)
Press: ? - help, Shift-Dir - straight line, f - Crazy Yiuf
Aim: Crazy Yiuf, wielding a +2 quarterstaff of chaos and wearing a +0 cloak (wandering, hasn't noticed you, 65% to hit)
The splash of poison hits Crazy Yiuf!
Crazy Yiuf is poisoned.
Crazy Yiuf is heavily wounded.
Crazy Yiuf shouts!
Casting: Magic Dart (safe; 7% risk of failure)
Confirm with . or Enter, or press ? or * to list all spells.
Aiming: Magic Dart (safe; 7% risk of failure)
Press: ? - help, Shift-Dir - straight line, f/p - Crazy Yiuf
Aim: Crazy Yiuf, wielding a +2 quarterstaff of chaos and wearing a +0 cloak (heavily wounded, poisoned, 100% to hit)
The magic dart hits Crazy Yiuf but does no damage.
Crazy Yiuf is heavily wounded.
Crazy Yiuf hits you with a +2 quarterstaff of chaos!
You are electrocuted!
Unknown command.
Casting: Magic Dart (safe; 7% risk of failure)
Confirm with . or Enter, or press ? or * to list all spells.
Aiming: Magic Dart (safe; 7% risk of failure)
Press: ? - help, Shift-Dir - straight line, f/p - Crazy Yiuf
Aim: Crazy Yiuf, wielding a +2 quarterstaff of chaos and wearing a +0 cloak (heavily wounded, poisoned, 100% to hit)
The magic dart hits Crazy Yiuf but does no damage.
Crazy Yiuf is heavily wounded.
Crazy Yiuf hits you with a +2 quarterstaff of chaos!
You die...

##.#.##.##.#.# #.#
###.###.##.#.# #.#
#.### #....#.# #.#
.#.## #.###### #.#
###.###.# ### #
##..[.##♣♣♣♣♣
###.###.....♣.♣♣♣ ###
.#.####......♣..♣#...#
#.## #......♣♣♣♣@g...#
######.....♣♣ ♣♣#..)#
........##♣♣ ###
#########


You could see Crazy Yiuf (poisoned).

Vanquished Creatures
  A gnoll (D:1)
  2 worms (D:2)
  A dart slug (D:1)
  2 bats
  4 endoplasms
  4 goblins
  7 hobgoblins (D:1)
  3 jackals (D:1)
  3 quokkas (D:1)
  3 ball pythons (D:2)
  3 frilled lizards
  4 kobolds (D:1)
  2 rats
39 creatures vanquished.

Notes
Turn   | Place    | Note
-------+----------+-------------------------------------------
     0 | D:1      | zazu2006 the Naga Hedge Wizard began the quest for the Orb.
     0 | D:1      | Reached XP level 1. HP: 15/15 MP: 4/4
   218 | D:1      | Reached XP level 2. HP: 22/22 MP: 0/6
   578 | D:1      | Reached XP level 3. HP: 28/28 MP: 1/8
   997 | D:1      | Found a faded altar of an unknown god.
  1130 | D:1      | Learned a level 3 spell: Mephitic Cloud
  1134 | D:1      | Learned a level 3 spell: Conjure Flame
  1137 | D:1      | Learned a level 2 spell: Blink
  1931 | D:2      | Reached XP level 4. HP: 36/36 MP: 6/9
  2260 | D:2      | Found a runed translucent door.
  2261 | D:2      | Noticed Crazy Yiuf
  2454 | D:2      | Slain by Crazy Yiuf

Illustrated notes

Levels and vault maps discovered:
D:1:      lemuel_arrival_room, layout_basic,
          hellmonk_ecumenical_altar_arch_garden
D:2:      layout_loops_ring, uniq_crazy_yiuf_cottage

Skill      XL: |  1  2 |
---------------+-------+-----
Dodging        | 2 |  2.2
Fighting       | |  0.1
Stealth        | |  3.1
Spellcasting   | |  3.9
Conjurations   | |  1.2
Summonings     | |  1.1
Translocations | |  1.0
Poison Magic   | |  0.2

Action                   |  1- 3 |  4- 6 || total
-------------------------+-------+-------++-------
Melee: Dagger            |     9 |       ||     9
 Cast: Magic Dart        |    99 |     9 ||   108
 Abil: Spit Poison       |    22 |     1 ||    23
Armor: Robe              |     7 |       ||     7
Dodge: Dodged            |    19 |       ||    19

Table legend: (Time is in decaauts)
 A = Elapsed time spent in this place.
 B = Non-inter-level travel time spent in this place.
 C = Inter-level travel time spent in this place.
 D = Time resting spent in this place.
 E = Time spent auto-exploring this place.
 F = Levels seen in this place.
 G = Mean time per level.
                   A        B        C        D        E       F      G
               +--------+--------+--------+--------+--------+-----+--------+
         Total |   2937 |   2895 |     42 |      0 |   2558 |   2 | 1468.5 |
       Dungeon |   2937 |   2895 |     42 |      0 |   2558 |   2 | 1468.5 |
               +--------+--------+--------+--------+--------+-----+--------+

Top non-repeatable levels by time:
     D:2: 1575 daAuts
     D:1: 1361 daAuts
